 Dungeon Crawl Stone Soup version 0.19.5 (webtiles) character file.

8537 theElss the Thaumaturge (level 11, 0/56 HPs)
             Began as a Deep Elf Conjurer on May 10, 2017.
             Was a Priest of Vehumet.
             Slain by Snorg (27 damage)
             ... on level 10 of the Dungeon.
             The game lasted 01:07:47 (12935 turns).

theElss the Thaumaturge (Deep Elf Conjurer)        Turns: 12935, Time: 01:07:48

Health: 0/56       AC:  6    Str:  5    XL:     11   Next: 11%
Magic:  5/39       EV: 15    Int: 24    God:    Vehumet [***...]
Gold:   587        SH:  6    Dex: 15    Spells: 10 memorised, 11 levels left

rFire  . . .     SeeInvis +     p - +2 morningstar (protect) (curse)
rCold  + . .     Gourm    .     f - +1 robe {rC+}
rNeg   . . .     Faith    .     L - +0 buckler
rPois  .         Spirit   .     r - +0 helmet
rElec  .         Reflect  .     X - +0 cloak
rCorr  .         Harm     .     w - +0 pair of gloves
MR     +....                    (no boots)
Stlth  ++........               (no amulet)
                                E - ring of see invisible
                                z - ring of magical power

@: very slightly contaminated, repel missiles
A: no striking features
a: Renounce Religion


You were on level 10 of the Dungeon.
You worshipped Vehumet.
Vehumet was most pleased with you.
You were hungry.

You visited 2 branches of the dungeon, and saw 11 of its levels.
You also visited: Ossuary.

You collected 587 gold pieces.

Inventory:

Hand Weapons
 p - a cursed +2 morningstar of protection (weapon)
 q - a +0 dagger of venom
Armour
 f - a +1 robe of cold resistance (worn)
 r - a +0 helmet (worn)
 w - a +0 pair of gloves (worn)
 L - a +0 buckler (worn)
 X - a +0 cloak (worn)
Jewellery
 a - an uncursed ring of positive energy
 z - a ring of magical power (left hand)
 E - a ring of see invisible (right hand)
 R - an uncursed ring of resist corrosion
Wands
 g - a wand of iceblast (9/15)
 G - a wand of digging (2/24)
 H - a wand of acid (6/15)
 K - a wand of digging (5/24)
 Q - a wand of flame (28/48)
 T - a wand of slowing (18/48)
 U - a wand of iceblast (7/15)
Scrolls
 b - a scroll of blinking
 e - a scroll of torment {unknown}
 h - 5 scrolls of fog
 k - 8 scrolls of teleportation
 l - 6 scrolls of remove curse
Potions
 m - 2 potions of curing
 s - 3 potions of heal wounds
 t - 4 potions of flight
Books
 i - a book of Conjurations

   Spells                             Type                      Level
   a - Magic Dart                     Conjuration                  1
   b - Searing Ray                    Conjuration                  2
   c - Dazzling Spray                 Conjuration/Hexes            3
   d - Fulminant Prism                Conjuration/Hexes            4
   e - Iskenderun's Mystic Blast      Conjuration                  4
   f - Iskenderun's Battlesphere      Conjuration/Charms           5
 j - a book of Frost

   Spells                             Type                      Level
   a - Freeze                         Ice                          1
   b - Throw Frost                    Conjuration/Ice              2
   c - Ozocubu's Armour               Charms/Ice                   3
   d - Throw Icicle                   Conjuration/Ice              4
   e - Summon Ice Beast               Ice/Summoning                4
 n - a book of Minor Magic

   Spells                             Type                      Level
   a - Magic Dart                     Conjuration                  1
   b - Blink                          Translocation                2
   c - Call Imp                       Summoning                    2
   d - Repel Missiles                 Charms/Air                   2
   e - Slow                           Hexes                        2
   f - Conjure Flame                  Conjuration/Fire             3
   g - Mephitic Cloud                 Conjuration/Poison/Air       3
Comestibles
 c - 7 bread rations
 o - 8 meat rations
 F - a royal jelly
 I - a fruit
 V - a slice of pizza


   Skills:
 + Level 1.1 Fighting
 + Level 5.3 Dodging
 - Level 2.4 Stealth
 - Level 6.1 Shields
 + Level 13.1 Spellcasting
 + Level 11.7 Conjurations
 - Level 0.8 Charms
 * Level 4.2 Fire Magic
 - Level 0.6 Air Magic


You had 11 spell levels left.
You knew the following spells:

 Your Spells              Type           Power        Failure   Level  Hunger
a - Magic Dart            Conj           ####         1%          1    None
b - Iskenderun's Battles  Conj/Chrm      #####...     2%          5    ###....
c - Searing Ray           Conj           ######       1%          2    None
d - Iskenderun's Mystic   Conj           ######..     1%          4    None
e - Repel Missiles        Chrm/Air       ###...       6%          2    None
f - Mephitic Cloud        Conj/Pois/Air  #####...     1%          3    None
g - Blink                 Tloc           N/A          8%          2    None
h - Flame Tongue          Conj/Fire      #####        1%          1    None
i - Throw Flame           Conj/Fire      ######       1%          2    None
j - Stone Arrow           Conj/Erth      #####.       1%          3    None


Dungeon Overview and Level Annotations

Branches:
Dungeon (10/15)            Temple (1/1) D:7            Lair (0/6) D:9
    Orc: D:9-12

Altars:
Ashenzari
Cheibriados
Dithmenos
Elyvilon
Fedhas
Gozag
Hepliaklqana
Kikubaaqudgha
Makhleb
Nemelex Xobeh
Okawaru
Qazlal
Ru
Sif Muna
Trog
Uskayaw
Vehumet
Xom
Yredelemnul
Zin
The Shining One

Shops:
D:4 (   D:9 }

Annotations:
D:10 Snorg


Message History

Confirm with . or Enter, or press ? or * to list all spells.
Aiming: Magic Dart
Press: ? - help, Shift-Dir - straight line, f/p - Snorg
Aim: Snorg (severely wounded, berserk, fast, unusually strong)
The magic dart hits Snorg.
Snorg is severely wounded.
Your battlesphere fires!
The barrage of energy hits Snorg.
Snorg is almost dead.
Your battlesphere expends the last of its energy and dissipates.
Snorg rages.
There is an open door here.
You barely miss Snorg.
Snorg is almost dead.
Snorg bites you!!
Ouch! That really hurt!
You block Snorg's attack. Snorg claws you. Snorg misses you.
Snorg claws you but does no damage. You block Snorg's attack. Snorg bites you!!
You die...

#...........# ...
#.......).†## ###...
#.......#).######...... #
#########..#........... #.
..........>#...........
#.############Y..#...........
......###...'...'..[)#......
#.....##.###...####.#......
#.....##.#@T...'....#.....#
#.....##.#(#...###### ....#
#....)<............ .....
#.).).##.########## ....
#...)..).... #......#.###
#......#... #......#####
#........


You could see Snorg (berserk).

Vanquished Creatures
  Pikel (D:9)
  An ugly thing (D:7)
  Grinder (D:4)
  A troll (D:9)
  3 hippogriffs
  Sigmund (D:2)
  A spriggan (D:9)
  3 yaks (D:10)
  A vampire (D:9)
  Eustachio (D:4)
  A hungry ghost (D:8)
  Menkaure (D:4)
  A warg (D:10)
  A water moccasin (D:5)
  The ghost of miragecloak the Changer, an amateur OpTm (D:3)
  4 sky beasts
  3 ice beasts
  2 slaves (D:9)
  2 orc warriors
  A necrophage (D:7)
  A black bear (D:6)
  2 phantoms
  5 ogres
  7 centaurs
  Blork the orc (D:4)
  3 bullfrogs
  A wyvern zombie (D:10)
  5 scorpions
  4 killer bees
  3 howler monkeys (D:10)
  7 wights (D:10)
  2 centaur zombies
  3 crimson imps
  3 hounds
  4 jellies
  2 bullfrog zombies
  2 bullfrog skeletons
  5 orc priests
  Jessica (D:6)
  5 iguanas
  11 orc wizards
  6 worker ants
  A hound zombie (D:7)
  13 mummies (Ossuary)
  A worker ant zombie (D:5)
  5 gnolls
  A howler monkey skeleton (D:4)
  12 adders
  A shadow imp (D:7)
  An ooze (D:1)
  2 adder skeletons
  4 dart slugs
  2 leopard geckos
  41 orcs
  11 giant cockroaches
  11 goblins
  8 hobgoblins
  11 jackals
  7 kobolds
  5 quokkas
  A ball python (D:4)
  17 bats
  10 frilled lizards
  4 gnoll skeletons (Ossuary)
  A goblin skeleton (Ossuary)
  A jackal skeleton (D:4)
  A leopard gecko skeleton (D:4)
  3 orc skeletons (Ossuary)
  16 rats
  11 rat skeletons (Ossuary)
316 creatures vanquished.

Vanquished Creatures (others)
  2 slaves (D:9)
  A river rat (D:9)
  An orc (D:9)
  6 fungi (D:9)
10 creatures vanquished.

Grand Total: 326 creatures vanquished

Notes
Turn   | Place    | Note
-------+----------+-------------------------------------------
     0 | D:1      | theElss the Deep Elf Conjurer began the quest for the Orb.
     0 | D:1      | Reached XP level 1. HP: 10/10 MP: 6/6
   421 | D:1      | Reached XP level 2. HP: 11/15 MP: 5/8
   616 | D:1      | Learned a level 2 spell: Searing Ray
   818 | D:1      | Reached skill level 5 in Conjurations
   940 | D:1      | Reached XP level 3. HP: 19/19 MP: 5/9
  1451 | D:2      | Noticed Sigmund
  1471 | D:2      | Killed Sigmund
  1471 | D:2      | Reached skill level 4 in Spellcasting
  1471 | D:2      | Reached XP level 4. HP: 10/24 MP: 3/12
  1471 | D:2      | Reached XP level 5. HP: 12/28 MP: 3/13
  1831 | D:2      | Found a snail-covered altar of Cheibriados.
  2869 | D:3      | Noticed miragecloak's ghost (amateur OpTm)
  2880 | D:3      | Learned a level 4 spell: Iskenderun's Mystic Blast
  2884 | D:3      | Learned a level 3 spell: Mephitic Cloud
  2887 | D:3      | Learned a level 2 spell: Repel Missiles
  2957 | D:3      | Reached XP level 6. HP: 32/32 MP: 8/14
  3464 | D:4      | Noticed Eustachio
  3626 | D:4      | Killed Eustachio
  3626 | D:4      | Reached skill level 5 in Spellcasting
  3785 | D:4      | Noticed Blork the orc
  3788 | D:4      | Killed Blork the orc
  4107 | D:4      | Reached XP level 7. HP: 36/36 MP: 17/17
  4158 | D:4      | Reached skill level 6 in Spellcasting
  4310 | D:4      | Found Vaeb Cea's Weapon Boutique.
  4410 | D:4      | Noticed Grinder
  4416 | D:4      | Killed Grinder
  4416 | D:4      | Reached skill level 7 in Spellcasting
  4527 | D:4      | Noticed Menkaure
  4529 | D:4      | Killed Menkaure
  4529 | D:4      | Reached XP level 8. HP: 42/42 MP: 21/21
  4623 | D:4      | Found a sparkling altar of Nemelex Xobeh.
  4907 | D:4      | Found a shimmering altar of Xom.
  5057 | D:5      | Entered Level 5 of the Dungeon
  5203 | D:5      | Reached skill level 8 in Spellcasting
  5424 | D:5      | Reached skill level 1 in Fighting
  5960 | D:5      | Reached skill level 9 in Spellcasting
  6214 | D:6      | Found a sparkling altar of Nemelex Xobeh.
  6214 | D:6      | Noticed Jessica
  6215 | D:6      | Killed Jessica
  6692 | D:6      | Reached skill level 10 in Spellcasting
  6817 | D:6      | Reached XP level 9. HP: 47/47 MP: 25/25
  6941 | D:6      | Reached skill level 10 in Conjurations
  7083 | D:6      | Reached skill level 1 in Shields
  7720 | D:7      | Found a staircase to the Ecumenical Temple.
  7727 | Temple   | Entered the Ecumenical Temple
  7802 | Temple   | Became a worshipper of Vehumet
  7836 | D:7      | Noticed a cyan ugly thing
  7840 | D:7      | Killed a cyan ugly thing
  7840 | D:7      | Reached skill level 5 in Shields
  7882 | D:7      | Found a sand-covered staircase.
  7889 | Ossuary  | Entered an ossuary
  8360 | Ossuary  | Reached * piety under Vehumet
  8360 | Ossuary  | Offered knowledge of Flame Tongue by Vehumet.
  8420 | Ossuary  | Learned a level 5 spell: Iskenderun's Battlesphere
  8423 | Ossuary  | Learned a level 2 spell: Blink
  8426 | Ossuary  | Learned a level 1 spell: Flame Tongue
  8889 | D:7      | Offered knowledge of Shock by Vehumet.
  8928 | D:7      | Reached skill level 5 in Dodging
  8930 | D:7      | Reached XP level 10. HP: 32/52 MP: 18/26
  8943 | D:7      | Reached skill level 1 in Fire Magic
  9250 | D:7      | Reached ** piety under Vehumet
  9474 | D:7      | Reached skill level 11 in Spellcasting
 10362 | D:8      | Found a sacrificial altar of Ru.
 10990 | D:9      | Found a staircase to the Lair.
 11068 | D:9      | Offered knowledge of Throw Flame by Vehumet.
 11072 | D:9      | Learned a level 2 spell: Throw Flame
 11255 | D:9      | Reached skill level 12 in Spellcasting
 11380 | D:9      | Noticed Pikel
 11387 | D:9      | Killed Pikel
 11690 | D:3      | Killed miragecloak's ghost
 11884 | D:9      | Found Puecen's Quality Used Wands.
 11937 | D:9      | Reached *** piety under Vehumet
 12309 | D:10     | Entered Level 10 of the Dungeon
 12427 | D:10     | Offered knowledge of Stone Arrow by Vehumet.
 12603 | D:9      | Learned a level 3 spell: Stone Arrow
 12641 | D:10     | Reached XP level 11. HP: 44/56 MP: 24/29
 12727 | D:10     | Reached skill level 13 in Spellcasting
 12927 | D:10     | Noticed Snorg
 12935 | D:10     | Slain by Snorg

Skill      XL: |  1  2  3  4  5  6  7  8  9 10 11 |
---------------+----------------------------------+-----
Conjurations   | 5 6 7 8 9 10 11 | 11.7
Dodging        | 3 4 5 |  5.3
Spellcasting   | 4 5 7 10 12 13 | 13.1
Fighting       | 1 |  1.1
Shields        | 6 |  6.1
Fire Magic     | 4 |  4.2
Stealth        | |  2.4
Charms         | |  0.8
Air Magic      | |  0.6

Action                   |  1- 3 |  4- 6 |  7- 9 | 10-12 || total
-------------------------+-------+-------+-------+-------++-------
Melee: Unarmed           |     5 |       |       |       ||     5
       Dagger            |       |     3 |       |       ||     3
       Morningstar       |       |       |       |     1 ||     1
 Cast: Magic Dart        |    54 |    78 |    96 |   114 ||   342
       Searing Ray       |     3 |    13 |    51 |    25 ||    92
       Repel Missiles    |       |     1 |     1 |     1 ||     3
       Iskenderun's Myst |       |     7 |    63 |    71 ||   141
       Iskenderun's Batt |       |       |       |    10 ||    10
       Throw Flame       |       |       |       |     2 ||     2
  Use: Potion            |     3 |       |       |       ||     3
       Scroll            |       |     6 |       |     4 ||    10
  Eat: Chunk             |     2 |    10 |    11 |    12 ||    35
       Pizza             |       |       |     1 |       ||     1
       Fruit             |       |       |     4 |       ||     4
Armor: Robe              |     4 |     5 |     7 |     1 ||    17
Dodge: Dodged            |    22 |    18 |    55 |    20 ||   115
       Deflected         |       |     1 |     3 |       ||     4
Block: Buckler           |       |       |    11 |    12 ||    23
